 Dungeon Crawl Stone Soup version 0.31-a0-14-gc80a10f4b6 (webtiles) character file.

Game seed: 2239676989262936758

365 Elsrick the Chopper (level 6, -12/56 HPs)
             Began as a Hill Orc Fighter on May 8, 2023.
             Mangled by an ogre
             ... wielding a +0 giant spiked club
              (27 damage)
             ... on level 5 of the Dungeon.
             The game lasted 00:11:38 (3230 turns).

Elsrick the Chopper (Hill Orc Fighter)              Turns: 3230, Time: 00:11:39

Health: -12/56     AC: 17    Str: 21    XL:     6   Next: 68%
Magic:  6/6        EV:  3    Int: 10    God:
Gold:   265        SH: 16    Dex: 19    Spells: 5/5 levels left

rFire   . . .        a - +0 war axe
rCold   + . .        o - +2 tower shield
rNeg    . . .        E - +0 plate armour
rPois   +            l - +0 helmet
rElec   .            z - +2 cloak of the Unbroken {Rampage Int+2}
rCorr   .            g - +0 pair of gloves
SInv    .            (no boots)
Will    +....        (no amulet)
Stlth   x              - ring of Wywkoemi {Contam rPois rC+ Will+ Dex+3}
HPRegen 0.29/turn    y - +6 ring of dexterity
MPRegen 0.10/turn

%: rampage
@: no status effects
A: no striking features
a: Convert to Beogh


You were on level 5 of the Dungeon.
You visited 1 branch of the dungeon, and saw 5 of its levels.

You collected 265 gold pieces.

Inventory:

Hand Weapons
 a - a +0 war axe (weapon)
Armour
 b - a +0 scale mail
 c - a +0 buckler
 f - a +0 kite shield
 g - a +0 pair of gloves (worn)
 l - a +0 helmet (worn)
 o - a +2 tower shield (worn)
 z - the +2 cloak of the Unbroken (worn) {Rampage Int+2}
   (You found it on level 3 of the Dungeon)

   Int:       It affects your intelligence (+2).
   Rampage:   It bestows one free step when moving towards enemies.
 C - a +0 chain mail
 E - a +0 plate armour (worn)
Jewellery
 p - a ring of flight
 u - a ring of resist corrosion
 w - a ring of fire
 x - the ring of Wywkoemi (left hand) {Contam rPois rC+ Will+ Dex+3}
   (You found it on level 3 of the Dungeon)

   [ring of protection from cold]

   Dex:       It affects your dexterity (+3).
   rC:        It protects you from cold.
   rPois:     It protects you from poison.
   Contam:    It causes magical contamination when unequipped.
   Will:      It increases your willpower.
 y - a +6 ring of dexterity (right hand)
 B - a ring of willpower
Scrolls
 e - a scroll of teleportation {unknown}
 k - 2 scrolls of identify {unknown}
 m - 2 scrolls of immolation {unknown}
 n - 3 scrolls of brand weapon {unknown}
 q - a scroll of fear {unknown}
 s - a scroll of magic mapping {unknown}
 v - 2 scrolls of noise {unknown}
 A - 2 scrolls of vulnerability {unknown}
Potions
 d - a potion of might
 h - a potion of ambrosia {unknown}
 i - a potion of invisibility {unknown}
 j - 3 potions of curing
 r - a potion of flight {unknown}
 t - a potion of heal wounds {unknown}
 D - a potion of cancellation {unknown}


   Skills:
 + Level 5.2 Fighting
 + Level 6.3 Axes
 + Level 4.0 Armour
 + Level 0.8 Dodging
 + Level 0.5 Stealth
 + Level 4.3 Shields


You had 5 spell levels left.
You didn't know any spells.
Your spell library contained the following spells:

 Spells                   Type           Power      Damage    Failure   Level
 Cause Fear               Hex            0%         N/A       100%        4
 Dragon Form              Tmut           0%         N/A       100%        7
 Dragon's Call            Summ           0%         N/A       100%        9


Dungeon Overview and Level Annotations

Branches:
Dungeon (5/15)
 Temple: D:4-7

Altars:

Shops:
D:5 :

Annotations:
D:5 Grinder


Message History

You pick up a book of the Dragon and begin reading...
You add the spells Cause Fear, Dragon Form and Dragon's Call to your library.
The ogre shouts!
You rampage towards the orc!
You block the orc's attack.
You hit the orc.
The orc is heavily wounded.
The orc hits you but does no damage.
You closely miss the orc.
The orc is heavily wounded.
You block the orc's attack. x2
The ogre hits you with a +0 giant spiked club!!
Ouch! That really hurt!
You barely miss the orc.
The orc is heavily wounded.
You barely miss the ogre. You block the orc's attack.
The ogre hits you with a +0 giant spiked club!
* * * LOW HITPOINT WARNING * * *
You barely miss the ogre. You hit the orc. You block the orc's attack. x2
The ogre hits you but does no damage.
You hit the ogre.
The ogre is lightly wounded.
You closely miss the orc. You block the orc's attack.
You block the ogre's attack.
You slash the ogre!
The ogre is heavily wounded.
You slash the orc!
You kill the orc!
You hit the ogre but do no damage.
The ogre is heavily wounded.
You block the ogre's attack.
The orc priest shouts!
You hit the ogre.
The ogre is heavily wounded.
You hear a shout!
The ogre hits you with a +0 giant spiked club.
* * * LOW HITPOINT WARNING * * *
The ogre attacks as you move away! You block the ogre's attack.
The ogre attacks as you move away!
The ogre hits you with a +0 giant spiked club!!
You die...

....o.....O...#...###.##.#
.............>#.....#.##.#
..###.............#.#....#
..###..######.##..#.######
.......### #.##..#.# ..........
#.##..#. .......... #.##..#.##
.........o###.##..#..#
.........)o....O@###.############
......#...###...#...#............
####.....##.∩.#############
#.#....#...# # #.....###..
######## #...### ##.#.†....#
#...# #.####.# #...# #.# #.# #
#.# #.###


You could see an ogre, an orc priest and an orc.

Vanquished Creatures
  An orc priest (D:4)
  A jelly (D:4)
  2 iguanas
  2 orc wizards
  5 adders
  7 gnolls (D:4)
  4 worms
  2 dart slugs
  9 orcs
  5 endoplasms
  3 giant cockroaches
  9 goblins
  5 hobgoblins
  4 quokkas
  7 ball pythons
  6 bats
  2 frilled lizards
  6 kobolds
  4 rats
84 creatures vanquished.

Notes
Turn   | Place    | Note
-------+----------+-------------------------------------------
     0 | D:1      | Elsrick the Hill Orc Fighter began the quest for the Orb.
     0 | D:1      | Reached XP level 1. HP: 19/19 MP: 1/1
   160 | D:1      | Reached XP level 2. HP: 22/27 MP: 2/2
   166 | D:1      | Reached skill level 3 in Axes
   554 | D:2      | Reached XP level 3. HP: 33/33 MP: 3/3
  1004 | D:2      | Found a faded altar of an unknown god.
  1456 | D:3      | Reached XP level 4. HP: 40/41 MP: 4/4
  1680 | D:3      | Reached skill level 4 in Axes
  1754 | D:3      | Identified the ring of Wywkoemi {Contam rPois rC+ Will+
                  | Dex+3}
  1917 | D:3      | Identified the +2 cloak of the Unbroken {Rampage Int+2}
  2134 | D:4      | Reached XP level 5. HP: 46/47 MP: 5/5
  2138 | D:4      | Reached skill level 5 in Fighting
  2189 | D:4      | Reached skill level 5 in Axes
  2318 | D:4      | Reached XP level 6. HP: 18/56 MP: 6/6
  2952 | D:5      | Entered Level 5 of the Dungeon
  3015 | D:5      | Noticed Grinder
  3079 | D:5      | Reached skill level 6 in Axes
  3205 | D:5      | Found Ymumonn's Book Shoppe.
  3230 | D:5      | Mangled by an ogre

Illustrated notes

Levels and vault maps discovered:
D:1:      onia_arrival_mini_maze_b, layout_rooms, st_stairs_5
D:2:      layout_loops_ring, ebering_ecumenical_altar_mist,
          minmay_misc_feat_doors, chequers_serial_rivers_micro_e,
          palyth_stone_intersect
D:3:      layout_basic
D:4:      layout_rooms
D:5:      layout_basic, serial_shops, nicolae_book_shop_shelving, shop,
          nicolae_shop_pleasant_corner_grove, nrook_campfire, uniq_grinder

Skill      XL: |  1  2  3  4  5  6 |
---------------+-------------------+-----
Axes           | 3 4 5 6 |  6.3
Fighting       | 4 5 |  5.2
Shields        | 4 |  4.3
Armour         | 4 |  4.0
Dodging        | |  0.8
Stealth        | |  0.5

Action                     |  1- 3 |  4- 6 || total
---------------------------+-------+-------++-------
  Melee: War axe           |   130 |   163 ||   293
    Use: Potion            |       |     2 ||     2
 Armour: Scale mail        |    63 |    48 ||   111
         Plate armour      |       |    10 ||    10
         Chain mail        |       |     7 ||     7
  Dodge: Dodged            |    63 |    26 ||    89
  Block: Buckler           |    10 |       ||    10
         Kite shield       |    37 |       ||    37
         Tower shield      |     4 |   150 ||   154

Table legend: (Time is in decaauts)
 A = Elapsed time spent in this place.
 B = Non-inter-level travel time spent in this place.
 C = Inter-level travel time spent in this place.
 D = Time resting spent in this place.
 E = Time spent auto-exploring this place.
 F = Levels seen in this place.
 G = Mean time per level.
                   A        B        C        D        E       F      G
               +--------+--------+--------+--------+--------+-----+--------+
         Total |   3378 |   3287 |     91 |    404 |   1775 |   5 |  675.6 |
       Dungeon |   3378 |   3287 |     91 |    404 |   1775 |   5 |  675.6 |
               +--------+--------+--------+--------+--------+-----+--------+

Top non-repeatable levels by time:
     D:3: 1130 daAuts
     D:2: 791 daAuts
     D:4: 747 daAuts
     D:1: 521 daAuts
     D:5: 186 daAuts
